 Dungeon Crawl Stone Soup version 0.27.1-3-gb3d3a73c9e (webtiles) character file.

Game seed: 16818931020751764481

18 pkoi the Ruffian (level 2, 0/29 HPs)
             Began as a Troll Monk on Oct 12, 2021.
             Succumbed to Robin's poison
             ... on level 2 of the Dungeon.
             The game lasted 00:00:52 (750 turns).

pkoi the Ruffian (Troll Monk)                        Turns: 750, Time: 00:00:52

Health: 0/29       AC:  4    Str: 18    XL:     2   Next: 51%
Magic:  0/1        EV: 10    Int:  6    God:
Gold:   72         SH:  0    Dex: 12    Spells: 1/1 levels left

rFire    . . .     SeeInvis .     - Unarmed
rCold    . . .     Faith    .   (no shield)
rNeg     . . .     Spirit   +   a - +0 robe
rPois    .         Reflect  .   (helmet restricted)
rElec    .         Harm     .   (no cloak)
rCorr    .         Rampage  .   (gloves unavailable)
Will     .....                  (boots unavailable)
Stlth    ++........             b - amulet of guardian spirit
HPRegen  1.09/turn              (no ring)
MPRegen  0.07/turn              (no ring)

@: lethally poisoned (0 -> -2), hasted, very quick
A: large, unfitting armour, claws 3, regeneration 1, shaggy fur 1, tough skin 1
a: no special abilities


You were on level 2 of the Dungeon.
You visited 1 branch of the dungeon, and saw 2 of its levels.

You collected 72 gold pieces.

Inventory:

Armour
 a - a +0 robe (worn)
Jewellery
 b - an amulet of guardian spirit (around neck)
Scrolls
 c - 2 scrolls of identify {unknown}


   Skills:
 - Level 2.4 Fighting
 - Level 2.4 Dodging
 - Level 1.0 Stealth
 + Level 3.9 Unarmed Combat


You had one spell level left.
You didn't know any spells.
Your spell library was empty.

Dungeon Overview and Level Annotations

Branches:
Dungeon (2/15)

Altars:

Annotations:
D:2 Robin


Innate Abilities, Weirdness & Mutations

You are too large for most types of armour.
You have claws for hands.
Your natural rate of healing is unusually fast.
You are covered in fur. (AC +1)
You have tough skin. (AC +1)


Message History

Robin is nearby!
Robin hits you with a +2 spear of venom.
You barely miss Robin.
Robin roars a battlecry!
You hear a shout!
You scratch Robin but do no damage.
You hear a shout!
Robin hits you but does no damage.
You are poisoned.
You barely miss Robin.
You feel sick.
Robin hits you with a +2 spear of venom.
You are more poisoned.
You closely miss Robin.
You feel very sick.
Robin hits you with a +2 spear of venom.
You are more poisoned.
You claw Robin!
Robin is heavily wounded.
* * * LOW HITPOINT WARNING * * *
You feel very sick. Robin throws the goblin at you!
* * * LOW HITPOINT WARNING * * *
You claw Robin!
Robin is almost dead.
* * * LOW HITPOINT WARNING * * *
You feel very sick. The goblin hits you with a +0 dagger.
* * * LOW HITPOINT WARNING * * *
Robin roars a battlecry!
It was a potion of haste.
You feel yourself speed up.
* * * LOW HITPOINT WARNING * * *
You feel very sick. The goblin hits you but does no damage.
Robin closely misses you.
* * * LOW HITPOINT WARNING * * *
You feel sick.
* * * LOW HITPOINT WARNING * * *
You feel sick.
* * * LOW HITPOINT WARNING * * *
You feel sick.
You die...

#.g....<.ggg#
##.###......g#
##..# #.....gg#
#..############
#.#g.........#
###.g........#
#[..g......#
##.........#####
..##.@..........#
#..##.....#.#.#.#
...#...........#
#.......#.#.#.#
##.............#
##...)...(#.#.#.#
##...............#
#.>............###
##.......########


You could see Robin and 2 goblins.

Vanquished Creatures
  A bat (D:1)
  2 endoplasms (D:1)
  A giant cockroach (D:1)
  2 goblins (D:1)
  A hobgoblin (D:1)
  3 kobolds
  4 ball pythons (D:1)
  A frilled lizard (D:1)
  2 rats (D:1)
17 creatures vanquished.

Notes
Turn   | Place    | Note
-------+----------+-------------------------------------------
     0 | D:1      | pkoi the Troll Monk began the quest for the Orb.
     0 | D:1      | Reached XP level 1. HP: 22/22 MP: 0/0
   280 | D:1      | Reached XP level 2. HP: 29/29 MP: 1/1
   530 | D:2      | Noticed Robin
   749 | D:2      | HP: 1/29 [poisoned by Robin]
   750 | D:2      | Succumbed to Robin's poison

Illustrated notes

Levels and vault maps discovered:
D:1:      dpeg_arrival_boxes_within_box, layout_basic
D:2:      minmay_alternating_diamond, layout_rooms, serial_glass,
          glass_columns_b, glass_columns_b, glass_columns_a, glass_columns_c,
          glass_columns_a, glass_columns_b, glass_columns_a, glass_columns_a,
          glass_columns_a, glass_columns_a, glass_columns_a, glass_columns_a,
          glass_columns_a, glass_columns_b, minmay_tetromino_t2, uniq_sigmund,
          uniq_robin, uniq_jessica

Action                   || total
-------------------------++-------
Melee: Unarmed           ||    41
  Use: Potion            ||     1
 Stab: Sleeping          ||     2
Armor: Robe              ||    13
Dodge: Dodged            ||    17
